 Dungeon Crawl Stone Soup version 0.31-a0-214-gb37851dbb3 (webtiles) character file.

Game seed: 7020680632013673242

85318 qw the Severer (level 15, -1/96 HPs)
             Began as a Gargoyle Fighter on July 1, 2023.
             Was an Elder of Okawaru.
             Slain by Donald
             ... wielding a +8 heavy scimitar
              (47 damage)
             ... on level 2 of the Orcish Mines.
             The game lasted 00:12:16 (20825 turns).

qw the Severer (Gargoyle Fighter)                  Turns: 20825, Time: 00:12:17

Health: -1/96      AC: 42    Str: 29    XL:     15   Next: 83%
Magic:  22/22      EV: 16    Int: 12    God:    Okawaru [****..]
Gold:   30         SH: 13    Dex:  9    Spells: 14/14 levels left

rFire   + . .        E - +8 mithril axe "Arga" {speed, Will+}
rCold   . . .        C - +0 kite shield
rNeg    + . .        c - +7 chain mail of Azoa {+Blink Str+3}
rPois   inf          h - +2 hat
rElec   +            z - +0 cloak
rCorr   +            y - +1 pair of gloves
SInv    +            r - +2 pair of boots of Action {rF+ Will+}
Will    +++..        n - amulet of Ru's Righteous Anger {RegenMP rCorr Int+2} Stlth
                     e - +5 ring of evasion
HPRegen 0.36/turn    v - ring of see invisible
MPRegen 0.58/turn

%: no passive effects
@: about to teleport, heroic, flying
A: sickness immunity, AC +11, big wings, negative energy resistance 1,
electricity resistance, torment resistance 1, petrification resistance
a: Renounce Religion, Evoke Blink, Heroism, Finesse


You were on level 2 of the Orcish Mines.
You worshipped Okawaru.
Okawaru was greatly pleased with you.
You visited 3 branches of the dungeon, and saw 22 of its levels.
You also visited: Ossuary.

You collected 1841 gold pieces.
You spent 1811 gold pieces at shops.


Innate Abilities, Weirdness & Mutations

You are immune to sickness and miasma.
Your stone body is resilient. (AC +11)
You are immune to poison.
Your large and strong wings let you fly.
You resist negative energy. (rN+)
You are resistant to electric shocks. (rElec)
You are resistant to unholy torment.
You are immune to petrification.


   Skills:
 - Level 12.2(17.2) Fighting
 - Level 16.4(21.4) Axes
 - Level 6.6(11.6) Throwing
 - Level 12.1(17.1) Armour
 - Level 3.0(8.0) Dodging
 + Level 11.3(16.3) Shields
 - Level 10.0 Invocations


You had 14 spell levels left.
You didn't know any spells.
Your spell library was empty.

Inventory:

Hand Weapons
 g - a +2 war axe of flaming
 E - the +8 mithril axe "Arga" (weapon) {speed, Will+}
   (You found it on level 5 of the Lair of Beasts)

   Will:      It increases your willpower.
Missiles
 J - 3 boomerangs (quivered)
Armour
 c - the +7 chain mail of Azoa (worn) {+Blink Str+3}
   (You bought it in a shop on level 2 of the Orcish Mines)

   Str:       It affects your strength (+3).
   +Blink:    It lets you blink.
 h - a +2 hat (worn)
 r - the +2 pair of boots of Action (worn) {rF+ Will+}
   (You acquired it in an ossuary)

   rF:        It protects you from fire.
   Will:      It increases your willpower.
 u - a +0 tower shield
 y - a +1 pair of gloves (worn)
 z - a +0 cloak (worn)
 C - a +0 kite shield (worn)
 G - a +0 helmet of see invisible
 I - a +1 plate armour of cold resistance
Jewellery
 e - a +5 ring of evasion (left hand)
 i - a +4 ring of slaying {mikee}
 n - the amulet of Ru's Righteous Anger (around neck) {RegenMP rCorr Int+2}
   (You acquired it in an ossuary)

   [amulet of magic regeneration]

   It increases your rate of magic regeneration.
   Int:       It affects your intelligence (+2).
   rCorr:     It protects you from acid and corrosion.
 v - a ring of see invisible (right hand)
 w - a ring of protection from cold
 x - a ring of resist corrosion
 H - a ring of resist corrosion
Wands
 j - a wand of digging (22)
Scrolls
 a - 14 scrolls of identify
 l - 6 scrolls of teleportation
 A - 3 scrolls of enchant weapon
 B - a scroll of brand weapon
Potions
 b - 4 potions of cancellation
 d - 6 potions of might
 f - 7 potions of attraction
 k - 11 potions of curing
 m - 3 potions of mutation
 o - 6 potions of heal wounds
 p - 7 potions of enlightenment
 q - 3 potions of resistance
 t - 7 potions of lignification
 D - 2 potions of haste

Dungeon Overview and Level Annotations

Branches:
Dungeon (15/15)            Temple (0/1) D:7            Lair (5/5) D:11
 Shoals (0/4) Lair:2       Spider (0/4) Lair:3        Slime (0/5) Lair:4
    Orc (2/2) D:9             Elf (0/3) Orc:2        Vaults (0/5) D:14
 Depths (0/4) D:15        Ossuary (visited)

Altars:
Elyvilon
Gozag
Makhleb
Okawaru
Trog
Uskayaw
Wu Jian
Jiyva

Shops:
D:5 :   D:12 [?*!   Orc:2 *([

Annotations:
D:3 1 runed translucent door, Crazy Yiuf
D:7 1 runed translucent door, qw's ghost, novice NaHu
Lair:4 1 runed translucent door, qw's ghost, journeyman GrFi
Orc:2 Donald


Message History

You throw a boomerang.
Donald blocks the boomerang.
Donald says, "My hands hurt, too."
Donald blocks your attack.
Donald is heavily wounded.
You block Donald's attack.
You barely miss Donald.
Donald is heavily wounded.
You slash Donald!
Donald is severely wounded.
Donald blocks your attack.
Donald is severely wounded.
Donald says, "The other people here are really rude."
Donald hits you with a +8 heavy scimitar!!!
You slice Donald!!
Donald is almost dead.
You hit Donald but do no damage.
Donald is almost dead.
Donald blocks your attack.
Donald is almost dead.
Donald casts a spell.
Donald seems to speed up.
Donald blocks your attack.
Donald is almost dead.
You block Donald's attack. Donald blocks your attack.
Donald is almost dead.
Donald blocks your attack.
Donald is almost dead.
You hit Donald but do no damage.
Donald is almost dead.
Donald says, "Why is it so dark?
Have they never heard of torches?"
Donald hits you with a +8 heavy scimitar!!!
20824 ||| READING 7 scrolls of teleportation.
As you read the scroll of teleportation, it crumbles to dust.
You feel strangely unstable. You block Donald's attack.
20825 ||| DRINKING 7 potions of heal wounds.
You feel much better.
Donald hits you with a +8 heavy scimitar!!!
You die...

.....##.## .........#
........####
...........##
............##
.............####
..............#.### .#
)[...#..####.#....#...#
[)...#### #..#.@@.#
8[..8# #.. #.#..........
.....##... #...........(
.....#...##.............
........# #.............
.......#####............
..........8.............
........................
.[_............


You could see Donald (fast, strong).

Vanquished Creatures
  Rupert (D:15)
  An ironbound preserver (D:14)
  An orc warlord (Orc:2)
  An ettin (Orc:2)
  2 fire dragons
  An ice dragon (D:15)
  Erolcha (D:9)
  A catoblepas (Lair:3)
  3 hydras
  3 centaur warriors
  A two-headed ogre (D:9)
  A death knight (D:15)
  9 death yaks
  2 boulder beetles
  A tengu warrior (D:14)
  An orc high priest (Orc:2)
  Sonja (Lair:5)
  Urug (Lair:1)
  Nergalle (Lair:2)
  2 skysharks
  3 orc knights (Orc:2)
  4 deep elf pyromancers
  4 orc sorcerers
  An oklob plant (Lair:3)
  A wolf spider (Lair:3)
  4 manticores
  5 ugly things (D:14)
  7 cyclopes
  8 black mambas
  12 elephants
  2 torpor snails
  Maggie (D:9)
  2 gargoyles
  23 cane toads
  3 unseen horrors (D:11)
  4 rime drakes
  An efreet (D:15)
  14 komodo dragons
  2 polar bears
  3 meliai (D:15)
  7 trolls
  6 dream sheep (Lair:5)
  4 tyrant leeches (Lair:5)
  19 blink frogs
  A jumping spider (Lair:3)
  17 slime creatures
  A shadow (D:13)
  3 wraiths
  6 wyverns
  7 basilisks
  Eustachio (D:5)
  37 yaks
  A steam dragon (D:6)
  A redback (Lair:3)
  11 vampire mosquitoes
  A warg (Orc:2)
  2 acid dragons
  13 water moccasins
  23 orc warriors
  An ice beast (D:6)
  6 black bears
  18 wolves
  3 ogres
  An ogre (shapeshifter) (D:15)
  7 centaurs
  A kobold brigand (D:7)
  19 bullfrogs
  7 scorpions
  A gnoll sergeant (D:11)
  21 wights
  6 killer bees (D:7)
  2 electric eels
  6 howler monkeys
  A centaur zombie (Ossuary)
  2 jellies
  2 hounds (D:6)
  2 gnoll boudas
  2 human zombies (Ossuary)
  8 orc priests
  5 iguanas
  Jessica (D:3)
  4 scorpion zombies (Ossuary)
  2 sleepcaps (D:5)
  22 orc wizards
  3 mummies (Ossuary)
  11 gnolls
  5 adders
  2 shadow imps
  2 white imps
  An ufetubus (D:5)
  4 worms
  A dart slug (D:4)
  59 orcs
  9 ball pythons
  4 endoplasms
  4 giant cockroaches
  7 goblins
  4 hobgoblins
  6 kobolds
  3 quokkas
  3 bats
  4 frilled lizards
  4 gnoll zombies (Ossuary)
  7 goblin zombies (Ossuary)
  A hobgoblin zombie (Ossuary)
  A kobold zombie (Ossuary)
  2 orc zombies (Ossuary)
  7 rats
604 creatures vanquished.

Vanquished Creatures (others)
  An orc priest (Orc:2)
  An orc wizard (D:4)
2 creatures vanquished.

Grand Total: 606 creatures vanquished

Notes
Turn   | Place    | Note
-------+----------+-------------------------------------------
     0 | D:1      | qw the Gargoyle Fighter began the quest for the Orb.
     0 | D:1      | Reached XP level 1. HP: 14/14 MP: 1/1
     0 | D:1      | 0 ||| qw: Version: 0.3-a-32-g5962c71
     0 | D:1      | 0 ||| qw: Game counter: 7582
     0 | D:1      | 0 ||| qw: Melee chars always use a shield: true
     0 | D:1      | 0 ||| qw: God list: Okawaru
     0 | D:1      | 0 ||| qw: Allow faded altars: false
     0 | D:1      | 0 ||| qw: Do Orc after clearing Dungeon:15 true
     0 | D:1      | 0 ||| qw: Do second Lair branch before Depths: true
     0 | D:1      | 0 ||| qw: Lair rune preference: random
     0 | D:1      | 0 ||| qw: Goals: Normal, Zot:1-4, Slime:5, God:TSO, Crypt,
                  | Tomb, Abyss, Pan, Hells, Win
     0 | D:1      | 0 ||| PLANNING D:1-11
   240 | D:1      | Reached skill level 2 in Axes
   386 | D:1      | 386 ||| Stepping ~*~*~tactically~*~*~ (hiding).
   389 | D:1      | 389 ||| Stepping ~*~*~tactically~*~*~ (hiding).
   394 | D:1      | Reached XP level 2. HP: 19/19 MP: 2/2
   497 | D:1      | 497 ||| DROPPING +0 club.
   706 | D:1      | 706 ||| UPGRADING to +0 chain mail.
   716 | D:1      | 716 ||| DROPPING +0 scale mail.
   717 | D:1      | 717 ||| READING scroll labelled ZAMINI JUYMI.
   718 | D:1      | 718 ||| READING scroll labelled VUASEENIKY.
   733 | D:2      | Found a faded altar of an unknown god.
   733 | D:2      | Found an iron altar of Okawaru.
   734 | D:2      | 734 ||| PLANNING OKAWARU WORSHIP
   734 | D:2      | 734 ||| STAIRDANCE
   741 | D:2      | Became a worshipper of Warmaster Okawaru
   742 | D:2      | 742 ||| PLANNING D:1-11
   865 | D:2      | Reached skill level 3 in Axes
   978 | D:2      | 978 ||| Stepping ~*~*~tactically~*~*~ (stealth).
   996 | D:2      | Reached XP level 3. HP: 23/23 MP: 3/3
  1337 | D:2      | 1337 ||| READING scroll labelled CIXZOIPNEF.
  1338 | D:2      | 1338 ||| READING scroll labelled WOISMU XAHIWK.
  1339 | D:2      | 1339 ||| READING scroll labelled WUTHOZALUW.
  1356 | D:3      | 1356 ||| STAIRDANCE
  1416 | D:3      | 1416 ||| Stepping ~*~*~tactically~*~*~ (stealth).
  1440 | D:3      | Reached XP level 4. HP: 26/28 MP: 4/4
  1621 | D:3      | Reached skill level 4 in Axes
  1635 | D:3      | Reached XP level 5. HP: 30/32 MP: 5/5
  1666 | D:3      | 1666 ||| DROPPING +0 whip.
  1803 | D:3      | Found a runed translucent door.
  1804 | D:3      | Noticed Crazy Yiuf
  1855 | D:3      | Noticed Jessica
  1858 | D:3      | Killed Jessica
  1859 | D:3      | Reached skill level 5 in Axes
  1985 | D:3      | 1985 ||| READING scroll labelled JYNNAU IKESMOE.
  1986 | D:3      | 1986 ||| DRINKING 3 viscous green potions.
  2023 | D:4      | 2023 ||| PLANNING OSSUARY
  2115 | D:4      | Found a sand-covered staircase.
  2122 | Ossuary  | Entered an ossuary
  2133 | Ossuary  | Reached * piety under Okawaru
  2147 | Ossuary  | 2147 ||| Stepping ~*~*~tactically~*~*~ (stealth).
  2211 | Ossuary  | Reached skill level 1 in Invocations
  2215 | Ossuary  | Reached skill level 1 in Throwing
  2215 | Ossuary  | Reached XP level 6. HP: 33/37 MP: 5/7
  2254 | Ossuary  | 2254 ||| Stepping ~*~*~tactically~*~*~ (stealth).
  2255 | Ossuary  | 2255 ||| Stepping ~*~*~tactically~*~*~ (stealth).
  2321 | Ossuary  | Reached skill level 3 in Invocations
  2327 | Ossuary  | Reached XP level 7. HP: 43/43 MP: 9/9
  2404 | Ossuary  | Reached ** piety under Okawaru
  2463 | Ossuary  | Reached skill level 6 in Axes
  2478 | Ossuary  | Reached skill level 1 in Dodging
  2519 | Ossuary  | 2519 ||| READING 5 scrolls labelled PEACVILOSCHI.
  2524 | Ossuary  | 2524 ||| READING 2 scrolls labelled XUITISIX NICAC.
  2524 | Ossuary  | Identified 2 scrolls of acquirement
  2524 | Ossuary  | 2524 ||| ACQUIRING +2 pair of boots of Action {rF+ Will+}
  2524 | Ossuary  | Acquired the +2 pair of boots of Action {rF+ Will+}
  2526 | Ossuary  | 2526 ||| UPGRADING to +2 pair of boots of Action {rF+
                  | Will+}.
  2531 | Ossuary  | 2531 ||| READING scroll of acquirement.
  2531 | Ossuary  | 2531 ||| ACQUIRING amulet of Ru's Righteous Anger {RegenMP
                  | rCorr Int+2}
  2531 | Ossuary  | Acquired the amulet of Ru's Righteous Anger {RegenMP rCorr
                  | Int+2}
  2533 | Ossuary  | 2533 ||| UPGRADING to amulet of Ru's Righteous Anger
                  | {RegenMP rCorr Int+2}.
  2538 | Ossuary  | 2538 ||| READING scroll labelled JELE FUD GAUWO.
  2539 | Ossuary  | 2539 ||| DRINKING 3 golden potions.
  2540 | Ossuary  | 2540 ||| READING 5 scrolls of identify.
  2540 | Ossuary  | 2540 ||| IDENTIFYING black potion
  2541 | Ossuary  | 2541 ||| READING 4 scrolls of identify.
  2541 | Ossuary  | 2541 ||| IDENTIFYING sedimented grey potion
  2542 | Ossuary  | 2542 ||| READING 3 scrolls of identify.
  2542 | Ossuary  | 2542 ||| IDENTIFYING pink potion
  2543 | Ossuary  | 2543 ||| READING 2 scrolls of identify.
  2543 | Ossuary  | 2543 ||| IDENTIFYING grey potion
  2544 | Ossuary  | 2544 ||| DROPPING potion of degeneration.
  2592 | D:4      | 2592 ||| PLANNING D:1-11
  2622 | D:4      | Found an opulent altar of Gozag.
  2882 | D:4      | Reached XP level 8. HP: 47/48 MP: 11/11
  2902 | D:4      | Found a white marble altar of Elyvilon.
  2930 | D:4      | Found an ornate altar of the Wu Jian Council.
  2946 | D:4      | 2946 ||| Stepping ~*~*~tactically~*~*~ (hiding).
  2948 | D:4      | 2948 ||| Stepping ~*~*~tactically~*~*~ (hiding).
  3027 | D:4      | Found a burning altar of Makhleb.
  3051 | D:4      | 3051 ||| Stepping ~*~*~tactically~*~*~ (hiding).
  3052 | D:4      | 3052 ||| Stepping ~*~*~tactically~*~*~ (hiding).
  3053 | D:4      | 3053 ||| Stepping ~*~*~tactically~*~*~ (hiding).
  3134 | D:4      | Found a bloodstained altar of Trog.
  3191 | D:4      | Found a hide-covered altar of Uskayaw.
  3222 | D:4      | 3222 ||| UPGRADING to +2 hat.
  3234 | D:5      | Entered Level 5 of the Dungeon
  3234 | D:5      | Found Mezebao's Book Shoppe.
  3243 | D:5      | Reached skill level 7 in Axes
  3295 | D:5      | 3295 ||| Stepping ~*~*~tactically~*~*~ (stealth).
  3298 | D:5      | 3298 ||| Stepping ~*~*~tactically~*~*~ (stealth).
  3300 | D:5      | 3300 ||| Stepping ~*~*~tactically~*~*~ (stealth).
  3366 | D:5      | 3366 ||| INVOKING Heroism.
  3776 | D:5      | 3776 ||| INVOKING Heroism.
  3778 | D:5      | Noticed Eustachio
  3795 | D:5      | 3795 ||| INVOKING Heroism.
  3809 | D:5      | Killed Eustachio
  4039 | D:5      | 4039 ||| READING scroll labelled QABIDO MOEHI.
  4040 | D:5      | 4040 ||| READING 2 scrolls of identify.
  4040 | D:5      | 4040 ||| IDENTIFYING murky coppery potion
  4103 | D:6      | 4103 ||| INVOKING Heroism.
  4112 | D:6      | Reached skill level 8 in Axes
  4165 | D:6      | 4165 ||| Stepping ~*~*~tactically~*~*~ (hiding).
  4285 | D:6      | 4285 ||| INVOKING Heroism.
  4296 | D:6      | Reached skill level 6 in Fighting
  4296 | D:6      | Reached XP level 9. HP: 44/55 MP: 12/12
  4346 | D:6      | 4346 ||| Stepping ~*~*~tactically~*~*~ (hiding).
  4347 | D:6      | 4347 ||| INVOKING Heroism.
  4398 | D:6      | 4398 ||| Stepping ~*~*~tactically~*~*~ (hiding).
  4399 | D:6      | 4399 ||| Stepping ~*~*~tactically~*~*~ (hiding).
  4400 | D:6      | 4400 ||| Stepping ~*~*~tactically~*~*~ (hiding).
  4401 | D:6      | 4401 ||| Stepping ~*~*~tactically~*~*~ (hiding).
  4544 | D:6      | 4544 ||| INVOKING Heroism.
  4775 | D:6      | 4775 ||| UPGRADING to +0 shadow dragon scales.
  4785 | D:6      | 4785 ||| DROPPING +0 chain mail.
  4786 | D:6      | 4786 ||| READING scroll of enchant armour.
  4786 | D:6      | 4786 ||| ENCHANTING +0 shadow dragon scales.
  4787 | D:6      | 4787 ||| READING scroll labelled WOCOSHUDAA.
  4824 | D:6      | 4824 ||| READING scroll labelled GUYPTI XEWKASK.
  4846 | D:7      | 4846 ||| Stepping ~*~*~tactically~*~*~ (stealth).
  4848 | D:7      | 4848 ||| Stepping ~*~*~tactically~*~*~ (stealth).
  4850 | D:7      | 4850 ||| Stepping ~*~*~tactically~*~*~ (stealth).
  4856 | D:7      | 4856 ||| INVOKING Heroism.
  4953 | D:7      | 4953 ||| INVOKING Heroism.
  5055 | D:7      | 5055 ||| Stepping ~*~*~tactically~*~*~ (stealth).
  5066 | D:7      | Reached skill level 9 in Axes
  5112 | D:7      | Found a runed translucent door.
  5112 | D:7      | Noticed qw's ghost (novice NaHu)
  5129 | D:7      | 5129 ||| Stepping ~*~*~tactically~*~*~ (stealth).
  5131 | D:7      | 5131 ||| INVOKING Heroism.
  5187 | D:7      | 5187 ||| Stepping ~*~*~tactically~*~*~ (stealth).
  5194 | D:7      | 5194 ||| Stepping ~*~*~tactically~*~*~ (hiding).
  5383 | D:7      | Found a staircase to the Ecumenical Temple.
  5501 | D:7      | 5501 ||| UPGRADING to +4 ring of slaying {mikee}.
  5502 | D:7      | 5502 ||| UPGRADING to ring of see invisible.
  5536 | D:8      | Reached *** piety under Okawaru
  5538 | D:8      | 5538 ||| Stepping ~*~*~tactically~*~*~ (stealth).
  5558 | D:8      | Reached skill level 6 in Armour
  5632 | D:8      | 5632 ||| INVOKING Heroism.
  5652 | D:8      | 5652 ||| READING scroll of brand weapon.
  5652 | D:8      | 5652 ||| BRANDING +1 war axe of protection.
  5772 | D:8      | Reached XP level 10. HP: 63/63 MP: 13/13
  5873 | D:8      | 5873 ||| Stepping ~*~*~tactically~*~*~ (stealth).
  5875 | D:8      | 5875 ||| Stepping ~*~*~tactically~*~*~ (stealth).
  5877 | D:8      | 5877 ||| Stepping ~*~*~tactically~*~*~ (stealth).
  5879 | D:8      | 5879 ||| Stepping ~*~*~tactically~*~*~ (stealth).
  5881 | D:8      | 5881 ||| Stepping ~*~*~tactically~*~*~ (stealth).
  5883 | D:8      | 5883 ||| INVOKING Heroism.
  6040 | D:8      | 6040 ||| Stepping ~*~*~tactically~*~*~ (stealth).
  6112 | D:8      | 6112 ||| Stepping ~*~*~tactically~*~*~ (stealth).
  6115 | D:8      | 6115 ||| Stepping ~*~*~tactically~*~*~ (stealth).
  6117 | D:8      | 6117 ||| Stepping ~*~*~tactically~*~*~ (stealth).
  6119 | D:8      | 6119 ||| Stepping ~*~*~tactically~*~*~ (hiding).
  6131 | D:8      | Reached skill level 10 in Axes
  6250 | D:8      | 6250 ||| DRINKING 2 orange potions.
  6251 | D:8      | 6251 ||| READING 4 scrolls of identify.
  6251 | D:8      | 6251 ||| IDENTIFYING smoky purple potion
  6252 | D:8      | 6252 ||| READING 3 scrolls of identify.
  6252 | D:8      | 6252 ||| IDENTIFYING bubbling pink potion
  6253 | D:8      | 6253 ||| DROPPING potion of brilliance.
  6280 | D:9      | Noticed Maggie
  6298 | D:9      | Killed Maggie
  6365 | D:9      | 6365 ||| Stepping ~*~*~tactically~*~*~ (stealth).
  6374 | D:9      | 6374 ||| Stepping ~*~*~tactically~*~*~ (hiding).
  6386 | D:9      | 6386 ||| Stepping ~*~*~tactically~*~*~ (stealth).
  6416 | D:9      | 6416 ||| Stepping ~*~*~tactically~*~*~ (stealth).
  6418 | D:9      | 6418 ||| Stepping ~*~*~tactically~*~*~ (hiding).
  6462 | D:9      | 6462 ||| READING scroll of enchant weapon.
  6462 | D:9      | 6462 ||| ENCHANTING +1 war axe of venom.
  6517 | D:9      | Noticed a two-headed ogre
  6518 | D:9      | 6518 ||| Stepping ~*~*~tactically~*~*~ (stealth).
  6520 | D:9      | 6520 ||| Stepping ~*~*~tactically~*~*~ (stealth).
  6522 | D:9      | 6522 ||| Stepping ~*~*~tactically~*~*~ (stealth).
  6524 | D:9      | 6524 ||| INVOKING Heroism.
  6529 | D:9      | Killed a two-headed ogre
  6530 | D:9      | Reached skill level 6 in Shields
  6554 | D:9      | Reached **** piety under Okawaru
  6558 | D:9      | 6558 ||| INVOKING Heroism.
  6629 | D:9      | Noticed Erolcha
  6630 | D:9      | 6630 ||| Stepping ~*~*~tactically~*~*~ (stealth).
  6632 | D:9      | 6632 ||| Stepping ~*~*~tactically~*~*~ (stealth).
  6634 | D:9      | 6634 ||| Stepping ~*~*~tactically~*~*~ (hiding).
  6637 | D:9      | 6637 ||| INVOKING Heroism.
  6645 | D:9      | Killed Erolcha
  6748 | D:9      | 6748 ||| Stepping ~*~*~tactically~*~*~ (stealth).
  6749 | D:9      | 6749 ||| Stepping ~*~*~tactically~*~*~ (stealth).
  6751 | D:9      | 6751 ||| Stepping ~*~*~tactically~*~*~ (stealth).
  6826 | D:9      | Found a staircase to the Orcish Mines.
  6881 | D:9      | 6881 ||| Stepping ~*~*~tactically~*~*~ (stealth).
  6884 | D:9      | 6884 ||| Stepping ~*~*~tactically~*~*~ (stealth).
  6886 | D:9      | 6886 ||| Stepping ~*~*~tactically~*~*~ (hiding).
  6887 | D:9      | 6887 ||| Stepping ~*~*~tactically~*~*~ (hiding).
  6901 | D:9      | Reached skill level 3 in Throwing
  6901 | D:9      | Reached XP level 11. HP: 48/68 MP: 14/14
  7153 | D:10     | Entered Level 10 of the Dungeon
  7222 | D:10     | 7222 ||| Stepping ~*~*~tactically~*~*~ (stealth).
  7223 | D:10     | 7223 ||| INVOKING Heroism.
  7245 | D:10     | 7245 ||| Stepping ~*~*~tactically~*~*~ (stealth).
  7246 | D:10     | 7246 ||| Stepping ~*~*~tactically~*~*~ (stealth).
  7247 | D:10     | 7247 ||| Stepping ~*~*~tactically~*~*~ (stealth).
  7248 | D:10     | 7248 ||| Stepping ~*~*~tactically~*~*~ (stealth).
  7384 | D:10     | 7384 ||| Stepping ~*~*~tactically~*~*~ (stealth).
  7386 | D:10     | 7386 ||| Stepping ~*~*~tactically~*~*~ (hiding).
  7475 | D:10     | 7475 ||| Stepping ~*~*~tactically~*~*~ (stealth).
  7484 | D:10     | Found a flagged portal.
  7548 | D:10     | 7548 ||| Stepping ~*~*~tactically~*~*~ (stealth).
  7550 | D:10     | 7550 ||| Stepping ~*~*~tactically~*~*~ (stealth).
  7552 | D:10     | 7552 ||| Stepping ~*~*~tactically~*~*~ (stealth).
  7554 | D:10     | 7554 ||| Stepping ~*~*~tactically~*~*~ (stealth).
  7556 | D:10     | 7556 ||| Stepping ~*~*~tactically~*~*~ (stealth).
  7558 | D:10     | 7558 ||| Stepping ~*~*~tactically~*~*~ (stealth).
  7560 | D:10     | 7560 ||| Stepping ~*~*~tactically~*~*~ (stealth).
  7562 | D:10     | 7562 ||| Stepping ~*~*~tactically~*~*~ (stealth).
  7627 | D:10     | 7627 ||| Stepping ~*~*~tactically~*~*~ (stealth).
  7629 | D:10     | 7629 ||| Stepping ~*~*~tactically~*~*~ (stealth).
  7631 | D:10     | 7631 ||| Stepping ~*~*~tactically~*~*~ (stealth).
  7633 | D:10     | 7633 ||| Stepping ~*~*~tactically~*~*~ (stealth).
  7635 | D:10     | 7635 ||| Stepping ~*~*~tactically~*~*~ (stealth).
  7637 | D:10     | 7637 ||| Stepping ~*~*~tactically~*~*~ (stealth).
  7639 | D:10     | 7639 ||| Stepping ~*~*~tactically~*~*~ (stealth).
  7641 | D:10     | 7641 ||| Stepping ~*~*~tactically~*~*~ (stealth).
  7643 | D:10     | 7643 ||| Stepping ~*~*~tactically~*~*~ (stealth).
  7645 | D:10     | 7645 ||| Stepping ~*~*~tactically~*~*~ (hiding).
  7919 | D:10     | 7919 ||| UPGRADING to +0 cloak.
  7924 | D:10     | 7924 ||| READING scroll labelled BYUJOT WOOD.
  7961 | D:11     | 7961 ||| Stepping ~*~*~tactically~*~*~ (stealth).
  7964 | D:11     | 7964 ||| Stepping ~*~*~tactically~*~*~ (stealth).
  7978 | D:11     | Reached skill level 11 in Axes
  8053 | D:11     | Found a staircase to the Lair.
  8054 | D:11     | 8054 ||| Stepping ~*~*~tactically~*~*~ (stealth).
  8056 | D:11     | 8056 ||| Stepping ~*~*~tactically~*~*~ (hiding).
  8220 | D:11     | Noticed a cyclops
  8221 | D:11     | 8221 ||| Stepping ~*~*~tactically~*~*~ (stealth).
  8223 | D:11     | 8223 ||| Stepping ~*~*~tactically~*~*~ (stealth).
  8225 | D:11     | 8225 ||| Stepping ~*~*~tactically~*~*~ (hiding).
  8226 | D:11     | 8226 ||| INVOKING Heroism.
  8235 | D:11     | Killed a cyclops
  8371 | D:11     | Reached skill level 6 in Invocations
  8394 | D:11     | Identified the +1 leather armour "Moet" {Str-4 Int+3 SInv}
  8477 | D:11     | 8477 ||| Stepping ~*~*~tactically~*~*~ (hiding).
  8591 | D:11     | 8591 ||| Stepping ~*~*~tactically~*~*~ (stealth).
  8596 | D:11     | 8596 ||| Stepping ~*~*~tactically~*~*~ (stealth).
  8600 | D:11     | 8600 ||| Stepping ~*~*~tactically~*~*~ (stealth).
  8869 | D:11     | 8869 ||| Stepping ~*~*~tactically~*~*~ (stealth).
  8871 | D:11     | 8871 ||| Stepping ~*~*~tactically~*~*~ (hiding).
  8872 | D:11     | 8872 ||| Stepping ~*~*~tactically~*~*~ (hiding).
  8994 | D:11     | 8994 ||| Stepping ~*~*~tactically~*~*~ (stealth).
  8996 | D:11     | 8996 ||| Stepping ~*~*~tactically~*~*~ (stealth).
  9206 | D:11     | 9206 ||| PLANNING LAIR
  9206 | D:11     | 9206 ||| UPGRADING to +1 pair of gloves.
  9259 | Lair:1   | Entered Level 1 of the Lair of Beasts
  9309 | Lair:1   | 9309 ||| INVOKING Heroism.
  9312 | Lair:1   | Received a gift from Okawaru
  9319 | Lair:1   | 9319 ||| Stepping ~*~*~tactically~*~*~ (stealth).
  9321 | Lair:1   | 9321 ||| Stepping ~*~*~tactically~*~*~ (stealth).
  9336 | Lair:1   | Reached skill level 9 in Fighting
  9367 | Lair:1   | 9367 ||| Stepping ~*~*~tactically~*~*~ (stealth).
  9370 | Lair:1   | 9370 ||| Stepping ~*~*~tactically~*~*~ (stealth).
  9372 | Lair:1   | 9372 ||| Stepping ~*~*~tactically~*~*~ (stealth).
  9420 | Lair:1   | 9420 ||| Stepping ~*~*~tactically~*~*~ (stealth).
  9422 | Lair:1   | 9422 ||| Stepping ~*~*~tactically~*~*~ (stealth).
  9424 | Lair:1   | 9424 ||| Stepping ~*~*~tactically~*~*~ (stealth).
  9430 | Lair:1   | 9430 ||| Stepping ~*~*~tactically~*~*~ (stealth).
  9432 | Lair:1   | 9432 ||| Stepping ~*~*~tactically~*~*~ (stealth).
  9433 | Lair:1   | 9433 ||| Stepping ~*~*~tactically~*~*~ (stealth).
  9436 | Lair:1   | 9436 ||| INVOKING Heroism.
  9481 | Lair:1   | 9481 ||| Stepping ~*~*~tactically~*~*~ (stealth).
  9491 | Lair:1   | 9491 ||| Stepping ~*~*~tactically~*~*~ (stealth).
  9519 | Lair:1   | 9519 ||| INVOKING Heroism.
  9549 | Lair:1   | 9549 ||| READING scroll of acquirement.
  9549 | Lair:1   | 9549 ||| ACQUIRING ring of the Heavens {rC- MP+9 Str+4
                  | Int+6}
  9549 | Lair:1   | Acquired the ring of the Heavens {rC- MP+9 Str+4 Int+6}
  9585 | Lair:1   | 9585 ||| Stepping ~*~*~tactically~*~*~ (stealth).
  9648 | Lair:1   | 9648 ||| Stepping ~*~*~tactically~*~*~ (stealth).
  9660 | Lair:1   | Reached ***** piety under Okawaru
  9727 | Lair:1   | Noticed Urug
  9728 | Lair:1   | 9728 ||| Stepping ~*~*~tactically~*~*~ (stealth).
  9730 | Lair:1   | 9730 ||| Stepping ~*~*~tactically~*~*~ (stealth).
  9733 | Lair:1   | 9733 ||| Stepping ~*~*~tactically~*~*~ (stealth).
  9735 | Lair:1   | 9735 ||| INVOKING Heroism.
  9743 | Lair:1   | Killed Urug
  9744 | Lair:1   | Reached XP level 12. HP: 61/76 MP: 18/18
  9837 | Lair:1   | 9837 ||| Stepping ~*~*~tactically~*~*~ (stealth).
  9839 | Lair:1   | 9839 ||| Stepping ~*~*~tactically~*~*~ (stealth).
  9841 | Lair:1   | 9841 ||| Stepping ~*~*~tactically~*~*~ (stealth).
  9867 | Lair:1   | Received a gift from Okawaru
  9870 | Lair:1   | Reached skill level 9 in Invocations
  9965 | Lair:1   | 9965 ||| Stepping ~*~*~tactically~*~*~ (stealth).
  9968 | Lair:1   | 9968 ||| Stepping ~*~*~tactically~*~*~ (stealth).
 10082 | Lair:1   | 10082 ||| INVOKING Heroism.
 10117 | Lair:1   | 10117 ||| Stepping ~*~*~tactically~*~*~ (stealth).
 10119 | Lair:1   | 10119 ||| Stepping ~*~*~tactically~*~*~ (stealth).
 10202 | Lair:1   | Reached skill level 9 in Armour
 10380 | Lair:1   | 10380 ||| READING scroll labelled DUXEEWNA REUFUBLOS.
 10481 | Lair:1   | 10481 ||| READING 9 scrolls of identify.
 10481 | Lair:1   | 10481 ||| IDENTIFYING fuming ruby potion
 10482 | Lair:1   | 10482 ||| DROPPING potion of invisibility.
 10513 | Lair:2   | Received a gift from Okawaru
 10515 | Lair:2   | 10515 ||| INVOKING Heroism.
 10631 | Lair:2   | 10631 ||| Stepping ~*~*~tactically~*~*~ (stealth).
 10633 | Lair:2   | 10633 ||| Stepping ~*~*~tactically~*~*~ (stealth).
 10635 | Lair:2   | 10635 ||| INVOKING Heroism.
 10687 | Lair:2   | 10687 ||| INVOKING Heroism.
 10776 | Lair:2   | 10776 ||| Stepping ~*~*~tactically~*~*~ (stealth).
 10778 | Lair:2   | 10778 ||| Stepping ~*~*~tactically~*~*~ (stealth).
 10780 | Lair:2   | 10780 ||| Stepping ~*~*~tactically~*~*~ (stealth).
 10836 | Lair:2   | 10836 ||| INVOKING Heroism.
 10909 | Lair:2   | 10909 ||| Stepping ~*~*~tactically~*~*~ (stealth).
 10910 | Lair:2   | 10910 ||| Stepping ~*~*~tactically~*~*~ (stealth).
 10916 | Lair:2   | 10916 ||| Stepping ~*~*~tactically~*~*~ (stealth).
 10963 | Lair:2   | 10963 ||| READING 2 scrolls of brand weapon.
 10963 | Lair:2   | 10963 ||| BRANDING +2 war axe of venom.
 10964 | Lair:2   | 10964 ||| READING scroll of brand weapon.
 10964 | Lair:2   | 10964 ||| BRANDING +2 war axe of draining.
 10965 | Lair:2   | 10965 ||| DROPPING +0 flail.
 11040 | Lair:2   | Reached skill level 12 in Axes
 11050 | Lair:2   | 11050 ||| INVOKING Heroism.
 11251 | Lair:2   | 11251 ||| Stepping ~*~*~tactically~*~*~ (stealth).
 11259 | Lair:2   | 11259 ||| INVOKING Heroism.
 11358 | Lair:2   | Noticed Nergalle
 11359 | Lair:2   | 11359 ||| INVOKING Heroism.
 11375 | Lair:2   | Killed Nergalle
 11421 | Lair:2   | Found a staircase to the Shoals.
 11536 | Lair:3   | 11536 ||| FLEEEEING.
 11578 | Lair:3   | 11578 ||| INVOKING Heroism.
 11631 | Lair:3   | 11631 ||| Stepping ~*~*~tactically~*~*~ (water).
 11670 | Lair:3   | Received a gift from Okawaru
 11722 | Lair:3   | Noticed a death yak
 11722 | Lair:3   | Noticed a death yak
 11723 | Lair:3   | 11723 ||| Stepping ~*~*~tactically~*~*~ (stealth).
 11724 | Lair:3   | Noticed a death yak
 11724 | Lair:3   | Noticed a death yak
 11725 | Lair:3   | 11725 ||| Stepping ~*~*~tactically~*~*~ (stealth).
 11726 | Lair:3   | 11726 ||| INVOKING Heroism.
 11733 | Lair:3   | Killed a death yak
 11733 | Lair:3   | Noticed a death yak
 11734 | Lair:3   | Reached XP level 13. HP: 60/82 MP: 20/20
 11747 | Lair:3   | Reached skill level 13 in Axes
 11847 | Lair:3   | 11847 ||| FLEEEEING.
 11852 | Lair:3   | 11852 ||| STAIRDANCE
 11924 | Lair:2   | 11924 ||| READING 11 scrolls of identify.
 11924 | Lair:2   | 11924 ||| IDENTIFYING puce potion
 11925 | Lair:2   | 11925 ||| DROPPING potion of ambrosia.
 11954 | Lair:3   | 11954 ||| Stepping ~*~*~tactically~*~*~ (stealth).
 11957 | Lair:3   | 11957 ||| INVOKING Heroism.
 12028 | Lair:3   | 12028 ||| INVOKING Heroism.
 12029 | Lair:3   | 12029 ||| INVOKING Finesse.
 12059 | Lair:3   | Found a hole to the Spider Nest.
 12090 | Lair:3   | Received a gift from Okawaru
 12191 | Lair:3   | 12191 ||| Stepping ~*~*~tactically~*~*~ (stealth).
 12278 | Lair:3   | 12278 ||| Stepping ~*~*~tactically~*~*~ (stealth).
 12282 | Lair:3   | 12282 ||| Stepping ~*~*~tactically~*~*~ (stealth).
 12284 | Lair:3   | 12284 ||| Stepping ~*~*~tactically~*~*~ (stealth).
 12286 | Lair:3   | 12286 ||| Stepping ~*~*~tactically~*~*~ (stealth).
 12288 | Lair:3   | 12288 ||| Stepping ~*~*~tactically~*~*~ (stealth).
 12290 | Lair:3   | 12290 ||| Stepping ~*~*~tactically~*~*~ (stealth).
 12292 | Lair:3   | 12292 ||| Stepping ~*~*~tactically~*~*~ (stealth).
 12294 | Lair:3   | 12294 ||| Stepping ~*~*~tactically~*~*~ (stealth).
 12296 | Lair:3   | 12296 ||| Stepping ~*~*~tactically~*~*~ (stealth).
 12298 | Lair:3   | 12298 ||| Stepping ~*~*~tactically~*~*~ (stealth).
 12334 | Lair:3   | 12334 ||| Stepping ~*~*~tactically~*~*~ (stealth).
 12337 | Lair:3   | 12337 ||| Stepping ~*~*~tactically~*~*~ (stealth).
 12344 | Lair:3   | 12344 ||| Stepping ~*~*~tactically~*~*~ (stealth).
 12346 | Lair:3   | 12346 ||| Stepping ~*~*~tactically~*~*~ (stealth).
 12348 | Lair:3   | 12348 ||| Stepping ~*~*~tactically~*~*~ (stealth).
 12350 | Lair:3   | 12350 ||| Stepping ~*~*~tactically~*~*~ (stealth).
 12352 | Lair:3   | 12352 ||| Stepping ~*~*~tactically~*~*~ (stealth).
 12357 | Lair:3   | 12357 ||| INVOKING Heroism.
 12430 | Lair:3   | 12430 ||| Stepping ~*~*~tactically~*~*~ (stealth).
 12433 | Lair:3   | 12433 ||| Stepping ~*~*~tactically~*~*~ (stealth).
 12435 | Lair:3   | 12435 ||| Stepping ~*~*~tactically~*~*~ (water).
 12581 | Lair:3   | 12581 ||| Stepping ~*~*~tactically~*~*~ (stealth).
 12583 | Lair:3   | 12583 ||| INVOKING Heroism.
 12589 | Lair:3   | 12589 ||| Stepping ~*~*~tactically~*~*~ (stealth).
 12680 | Lair:3   | 12680 ||| INVOKING Heroism.
 12681 | Lair:3   | 12681 ||| INVOKING Finesse.
 12684 | Lair:3   | Reached skill level 14 in Axes
 12817 | Lair:3   | 12817 ||| Stepping ~*~*~tactically~*~*~ (stealth).
 12819 | Lair:3   | 12819 ||| Stepping ~*~*~tactically~*~*~ (stealth).
 12821 | Lair:3   | 12821 ||| INVOKING Heroism.
 13032 | Lair:3   | 13032 ||| Stepping ~*~*~tactically~*~*~ (stealth).
 13034 | Lair:3   | 13034 ||| Stepping ~*~*~tactically~*~*~ (stealth).
 13036 | Lair:3   | 13036 ||| Stepping ~*~*~tactically~*~*~ (stealth).
 13038 | Lair:3   | 13038 ||| Stepping ~*~*~tactically~*~*~ (stealth).
 13040 | Lair:3   | 13040 ||| Stepping ~*~*~tactically~*~*~ (stealth).
 13042 | Lair:3   | 13042 ||| Stepping ~*~*~tactically~*~*~ (stealth).
 13044 | Lair:3   | 13044 ||| Stepping ~*~*~tactically~*~*~ (stealth).
 13126 | Lair:3   | 13126 ||| READING scroll labelled WUN NIMYTEHYZABAU.
 13127 | Lair:3   | 13127 ||| READING 2 scrolls labelled INYONE ISTRIHESUP.
 13128 | Lair:3   | 13128 ||| DROPPING scroll of butterflies.
 13157 | Lair:4   | 13157 ||| Stepping ~*~*~tactically~*~*~ (stealth).
 13160 | Lair:4   | 13160 ||| Stepping ~*~*~tactically~*~*~ (stealth).
 13162 | Lair:4   | 13162 ||| Stepping ~*~*~tactically~*~*~ (stealth).
 13164 | Lair:4   | 13164 ||| INVOKING Heroism.
 13165 | Lair:4   | 13165 ||| Stepping ~*~*~tactically~*~*~ (stealth).
 13173 | Lair:4   | Received a gift from Okawaru
 13248 | Lair:4   | 13248 ||| Stepping ~*~*~tactically~*~*~ (stealth).
 13250 | Lair:4   | 13250 ||| Stepping ~*~*~tactically~*~*~ (hiding).
 13270 | Lair:4   | 13270 ||| INVOKING Heroism.
 13382 | Lair:4   | 13382 ||| INVOKING Heroism.
 13469 | Lair:4   | 13469 ||| Stepping ~*~*~tactically~*~*~ (stealth).
 13471 | Lair:4   | 13471 ||| Stepping ~*~*~tactically~*~*~ (stealth).
 13473 | Lair:4   | 13473 ||| Stepping ~*~*~tactically~*~*~ (stealth).
 13475 | Lair:4   | 13475 ||| Stepping ~*~*~tactically~*~*~ (stealth).
 13525 | Lair:4   | 13525 ||| Stepping ~*~*~tactically~*~*~ (stealth).
 13527 | Lair:4   | 13527 ||| Stepping ~*~*~tactically~*~*~ (stealth).
 13529 | Lair:4   | 13529 ||| Stepping ~*~*~tactically~*~*~ (stealth).
 13531 | Lair:4   | 13531 ||| Stepping ~*~*~tactically~*~*~ (stealth).
 13533 | Lair:4   | 13533 ||| Stepping ~*~*~tactically~*~*~ (stealth).
 13535 | Lair:4   | 13535 ||| Stepping ~*~*~tactically~*~*~ (stealth).
 13584 | Lair:4   | 13584 ||| INVOKING Heroism.
 13592 | Lair:4   | Received a gift from Okawaru
 13600 | Lair:4   | Gained mutation: Your large and strong wings let you fly.
                  | [Gargoyle growth]
 13600 | Lair:4   | Reached XP level 14. HP: 85/90 MP: 21/21
 13717 | Lair:4   | Found a viscous altar of Jiyva.
 13718 | Lair:4   | Found a staircase to the Slime Pits.
 13824 | Lair:4   | Found a runed translucent door.
 13826 | Lair:4   | Identified the +10 spear "Neles" {flame, rF+}
 13830 | Lair:4   | Noticed qw's ghost (journeyman GrFi)
 14261 | Lair:5   | Entered Level 5 of the Lair of Beasts
 14283 | Lair:5   | 14283 ||| Stepping ~*~*~tactically~*~*~ (stealth).
 14284 | Lair:5   | 14284 ||| Stepping ~*~*~tactically~*~*~ (stealth).
 14285 | Lair:5   | 14285 ||| Stepping ~*~*~tactically~*~*~ (stealth).
 14296 | Lair:5   | 14296 ||| Stepping ~*~*~tactically~*~*~ (stealth).
 14348 | Lair:5   | 14348 ||| Stepping ~*~*~tactically~*~*~ (stealth).
 14350 | Lair:5   | 14350 ||| Stepping ~*~*~tactically~*~*~ (stealth).
 14367 | Lair:5   | 14367 ||| INVOKING Heroism.
 14557 | Lair:5   | Found the +8 mithril axe "Arga" {speed, Will+}
 14570 | Lair:5   | 14570 ||| SWAPPING to +8 mithril axe "Arga" {speed, Will+}.
 14706 | Lair:5   | 14706 ||| Stepping ~*~*~tactically~*~*~ (stealth).
 14714 | Lair:5   | 14714 ||| Stepping ~*~*~tactically~*~*~ (stealth).
 14716 | Lair:5   | 14716 ||| Stepping ~*~*~tactically~*~*~ (stealth).
 14718 | Lair:5   | 14718 ||| Stepping ~*~*~tactically~*~*~ (stealth).
 14720 | Lair:5   | 14720 ||| Stepping ~*~*~tactically~*~*~ (stealth).
 14721 | Lair:5   | 14721 ||| Stepping ~*~*~tactically~*~*~ (stealth).
 14722 | Lair:5   | 14722 ||| Stepping ~*~*~tactically~*~*~ (stealth).
 14736 | Lair:5   | Reached skill level 15 in Axes
 14743 | Lair:5   | 14743 ||| INVOKING Heroism.
 14744 | Lair:5   | 14744 ||| INVOKING Finesse.
 14749 | Lair:5   | 14749 ||| SWAPPING to +2 war axe of flaming.
 14754 | Lair:5   | 14754 ||| SWAPPING to +8 mithril axe "Arga" {speed, Will+}.
 14761 | Lair:5   | Received a gift from Okawaru
 14777 | Lair:5   | 14777 ||| Stepping ~*~*~tactically~*~*~ (stealth).
 14783 | Lair:5   | 14783 ||| Stepping ~*~*~tactically~*~*~ (stealth).
 14792 | Lair:5   | Reached skill level 12 in Fighting
 14800 | Lair:5   | Noticed Sonja
 14819 | Lair:5   | 14819 ||| INVOKING Finesse.
 14825 | Lair:5   | Killed Sonja
 14845 | Lair:5   | Reached skill level 3 in Dodging
 14936 | Lair:5   | 14936 ||| Stepping ~*~*~tactically~*~*~ (stealth).
 14938 | Lair:5   | 14938 ||| Stepping ~*~*~tactically~*~*~ (stealth).
 15029 | Lair:5   | 15029 ||| Stepping ~*~*~tactically~*~*~ (stealth).
 15032 | Lair:5   | 15032 ||| Stepping ~*~*~tactically~*~*~ (stealth).
 15064 | Lair:5   | 15064 ||| Stepping ~*~*~tactically~*~*~ (stealth).
 15099 | Lair:5   | Identified the +3 scale mail of Weightlessness {Harm}
 15268 | Lair:5   | 15268 ||| Stepping ~*~*~tactically~*~*~ (stealth).
 15269 | Lair:5   | 15269 ||| Stepping ~*~*~tactically~*~*~ (stealth).
 15301 | Lair:5   | 15301 ||| Stepping ~*~*~tactically~*~*~ (stealth).
 15388 | Lair:5   | 15388 ||| Stepping ~*~*~tactically~*~*~ (stealth).
 15552 | Lair:5   | 15552 ||| PLANNING D
 15552 | Lair:5   | 15552 ||| DROPPING scarf of harm.
 15553 | Lair:5   | 15553 ||| UPGRADING to +5 ring of evasion.
 15555 | Lair:5   | 15555 ||| DROPPING +6 ring of dexterity.
 15556 | Lair:5   | 15556 ||| DROPPING ring of the Heavens {rC- MP+9 Str+4
                  | Int+6}.
 15557 | Lair:5   | 15557 ||| READING 10 scrolls of identify.
 15557 | Lair:5   | 15557 ||| IDENTIFYING clear potion
 15558 | Lair:5   | 15558 ||| DROPPING potion of berserk rage.
 15718 | D:12     | 15718 ||| Stepping ~*~*~tactically~*~*~ (stealth).
 15762 | D:12     | Found Xucsuitu's Distillery.
 15770 | D:12     | 15770 ||| BUYING 2 potions of curing (96 gold).
 15770 | D:12     | Bought 2 potions of curing for 96 gold pieces
 15770 | D:12     | 15770 ||| BUYING potion of cancellation (128 gold).
 15770 | D:12     | Bought a potion of cancellation for 128 gold pieces
 15770 | D:12     | 15770 ||| BUYING potion of curing (48 gold).
 15770 | D:12     | Bought a potion of curing for 48 gold pieces
 15770 | D:12     | 15770 ||| BUYING potion of enlightenment (80 gold).
 15770 | D:12     | Bought a potion of enlightenment for 80 gold pieces
 15770 | D:12     | 15770 ||| BUYING potion of haste (160 gold).
 15770 | D:12     | Bought a potion of haste for 160 gold pieces
 15770 | D:12     | 15770 ||| BUYING potion of lignification (48 gold).
 15770 | D:12     | Bought a potion of lignification for 48 gold pieces
 15770 | D:12     | 15770 ||| BUYING potion of might (64 gold).
 15770 | D:12     | Bought a potion of might for 64 gold pieces
 15804 | D:12     | 15804 ||| Stepping ~*~*~tactically~*~*~ (stealth).
 15836 | D:12     | 15836 ||| FLEEEEING.
 15837 | D:12     | 15837 ||| FLEEEEING.
 15838 | D:12     | 15838 ||| FLEEEEING.
 15839 | D:12     | 15839 ||| FLEEEEING.
 15840 | D:12     | 15840 ||| FLEEEEING.
 15841 | D:12     | 15841 ||| FLEEEEING.
 16001 | D:12     | Found Huse's Assorted Antiques.
 16009 | D:12     | 16009 ||| BUYING potion of attraction (75 gold).
 16009 | D:12     | Bought a potion of attraction for 75 gold pieces
 16009 | D:12     | 16009 ||| BUYING scroll of enchant weapon (187 gold).
 16009 | D:12     | Bought a scroll of enchant weapon for 187 gold pieces
 16024 | D:12     | 16024 ||| Stepping ~*~*~tactically~*~*~ (stealth).
 16026 | D:12     | 16026 ||| Stepping ~*~*~tactically~*~*~ (stealth).
 16028 | D:12     | 16028 ||| Stepping ~*~*~tactically~*~*~ (stealth).
 16030 | D:12     | 16030 ||| Stepping ~*~*~tactically~*~*~ (hiding).
 16137 | D:12     | Found Tudwyguq's Magic Scroll Boutique.
 16145 | D:12     | 16145 ||| BUYING scroll of brand weapon (152 gold).
 16145 | D:12     | Bought a scroll of brand weapon for 152 gold pieces
 16145 | D:12     | 16145 ||| SHOPLISTING scroll of enchant armour (120 gold,
                  | have 92).
 16145 | D:12     | 16145 ||| BUYING scroll of teleportation (48 gold).
 16145 | D:12     | Bought a scroll of teleportation for 48 gold pieces
 16145 | D:12     | 16145 ||| SHOPLISTING scroll of teleportation (48 gold,
                  | have 44).
 16149 | D:12     | Found Wezy's Armour Emporium.
 16207 | D:12     | 16207 ||| Stepping ~*~*~tactically~*~*~ (stealth).
 16209 | D:12     | 16209 ||| Stepping ~*~*~tactically~*~*~ (stealth).
 16211 | D:12     | 16211 ||| Stepping ~*~*~tactically~*~*~ (stealth).
 16213 | D:12     | 16213 ||| Stepping ~*~*~tactically~*~*~ (stealth).
 16215 | D:12     | 16215 ||| Stepping ~*~*~tactically~*~*~ (stealth).
 16217 | D:12     | 16217 ||| Stepping ~*~*~tactically~*~*~ (hiding).
 16237 | D:12     | 16237 ||| Stepping ~*~*~tactically~*~*~ (stealth).
 16238 | D:12     | 16238 ||| Stepping ~*~*~tactically~*~*~ (stealth).
 16374 | D:12     | 16374 ||| READING scroll labelled QEP EWEK YRCH.
 16460 | D:13     | Received a gift from Okawaru
 16464 | D:13     | 16464 ||| Stepping ~*~*~tactically~*~*~ (stealth).
 16467 | D:13     | 16467 ||| Stepping ~*~*~tactically~*~*~ (stealth).
 16477 | D:13     | Reached skill level 6 in Throwing
 16660 | D:13     | Reached skill level 16 in Axes
 16671 | D:13     | 16671 ||| Stepping ~*~*~tactically~*~*~ (hiding).
 16695 | D:13     | Received a gift from Okawaru
 16724 | D:13     | 16724 ||| DROPPING +2 war axe of freezing.
 16858 | D:13     | 16858 ||| Stepping ~*~*~tactically~*~*~ (stealth).
 16880 | D:13     | Reached XP level 15. HP: 78/96 MP: 22/22
 17061 | D:13     | 17061 ||| Stepping ~*~*~tactically~*~*~ (stealth).
 17092 | D:13     | 17092 ||| Stepping ~*~*~tactically~*~*~ (stealth).
 17094 | D:13     | 17094 ||| Stepping ~*~*~tactically~*~*~ (stealth).
 17096 | D:13     | 17096 ||| Stepping ~*~*~tactically~*~*~ (stealth).
 17098 | D:13     | 17098 ||| Stepping ~*~*~tactically~*~*~ (hiding).
 17490 | D:14     | 17490 ||| Stepping ~*~*~tactically~*~*~ (stealth).
 17492 | D:14     | 17492 ||| Stepping ~*~*~tactically~*~*~ (stealth).
 17494 | D:14     | 17494 ||| Stepping ~*~*~tactically~*~*~ (stealth).
 17496 | D:14     | 17496 ||| Stepping ~*~*~tactically~*~*~ (stealth).
 17498 | D:14     | 17498 ||| Stepping ~*~*~tactically~*~*~ (stealth).
 17500 | D:14     | 17500 ||| Stepping ~*~*~tactically~*~*~ (stealth).
 17507 | D:14     | Found a gate to the Vaults.
 17527 | D:14     | Reached skill level 12 in Armour
 17534 | D:14     | 17534 ||| FLEEEEING.
 17535 | D:14     | 17535 ||| FLEEEEING.
 17538 | D:14     | 17538 ||| Stepping ~*~*~tactically~*~*~ (hiding).
 17539 | D:14     | 17539 ||| INVOKING Heroism.
 17541 | D:14     | 17541 ||| INVOKING Finesse.
 17542 | D:14     | 17542 ||| SWAPPING to +2 war axe of flaming.
 17551 | D:14     | 17551 ||| SWAPPING to +8 mithril axe "Arga" {speed, Will+}.
 17556 | D:14     | 17556 ||| FLEEEEING.
 17566 | D:14     | Received a gift from Okawaru
 17598 | D:14     | 17598 ||| FLEEEEING.
 18163 | D:14     | 18163 ||| Stepping ~*~*~tactically~*~*~ (stealth).
 18180 | D:14     | 18180 ||| FLEEEEING.
 18185 | D:14     | 18185 ||| FLEEEEING.
 18186 | D:14     | 18186 ||| FLEEEEING.
 18187 | D:14     | 18187 ||| FLEEEEING.
 18188 | D:14     | 18188 ||| FLEEEEING.
 18189 | D:14     | 18189 ||| FLEEEEING.
 18190 | D:14     | 18190 ||| FLEEEEING.
 18191 | D:14     | 18191 ||| FLEEEEING.
 18192 | D:14     | 18192 ||| FLEEEEING.
 18193 | D:14     | 18193 ||| FLEEEEING.
 18194 | D:14     | 18194 ||| FLEEEEING.
 18195 | D:14     | 18195 ||| FLEEEEING.
 18199 | D:14     | 18199 ||| FLEEEEING.
 18200 | D:14     | 18200 ||| FLEEEEING.
 18204 | D:14     | 18204 ||| FLEEEEING.
 18205 | D:14     | 18205 ||| FLEEEEING.
 18206 | D:14     | 18206 ||| FLEEEEING.
 18207 | D:14     | 18207 ||| FLEEEEING.
 18208 | D:14     | 18208 ||| FLEEEEING.
 18210 | D:14     | 18210 ||| FLEEEEING.
 18211 | D:14     | 18211 ||| FLEEEEING.
 18212 | D:14     | 18212 ||| FLEEEEING.
 18402 | D:14     | Received a gift from Okawaru
 18437 | D:14     | 18437 ||| DROPPING +0 heavy war axe.
 18472 | D:14     | 18472 ||| UPGRADING to +0 kite shield.
 18482 | D:14     | 18482 ||| DROPPING +0 buckler.
 18483 | D:14     | 18483 ||| DROPPING ring of positive energy.
 18518 | D:15     | Entered Level 15 of the Dungeon
 18518 | D:15     | Noticed Rupert
 18519 | D:15     | 18519 ||| Stepping ~*~*~tactically~*~*~ (stealth).
 18522 | D:15     | 18522 ||| INVOKING Heroism.
 18523 | D:15     | 18523 ||| INVOKING Finesse.
 18535 | D:15     | Killed Rupert
 18663 | D:15     | 18663 ||| Stepping ~*~*~tactically~*~*~ (stealth).
 18666 | D:15     | 18666 ||| Stepping ~*~*~tactically~*~*~ (stealth).
 18668 | D:15     | 18668 ||| Stepping ~*~*~tactically~*~*~ (stealth).
 18670 | D:15     | 18670 ||| Stepping ~*~*~tactically~*~*~ (stealth).
 18673 | D:15     | 18673 ||| Stepping ~*~*~tactically~*~*~ (hiding).
 18676 | D:15     | 18676 ||| Stepping ~*~*~tactically~*~*~ (hiding).
 18677 | D:15     | 18677 ||| Stepping ~*~*~tactically~*~*~ (hiding).
 18678 | D:15     | 18678 ||| Stepping ~*~*~tactically~*~*~ (hiding).
 18679 | D:15     | 18679 ||| Stepping ~*~*~tactically~*~*~ (hiding).
 18777 | D:15     | 18777 ||| Stepping ~*~*~tactically~*~*~ (hiding).
 18779 | D:15     | 18779 ||| Stepping ~*~*~tactically~*~*~ (hiding).
 18781 | D:15     | 18781 ||| Stepping ~*~*~tactically~*~*~ (hiding).
 18782 | D:15     | 18782 ||| Stepping ~*~*~tactically~*~*~ (hiding).
 18783 | D:15     | 18783 ||| Stepping ~*~*~tactically~*~*~ (hiding).
 18837 | D:15     | 18837 ||| Stepping ~*~*~tactically~*~*~ (stealth).
 18840 | D:15     | 18840 ||| Stepping ~*~*~tactically~*~*~ (stealth).
 18844 | D:15     | 18844 ||| Stepping ~*~*~tactically~*~*~ (stealth).
 18846 | D:15     | 18846 ||| Stepping ~*~*~tactically~*~*~ (stealth).
 18848 | D:15     | 18848 ||| Stepping ~*~*~tactically~*~*~ (stealth).
 18850 | D:15     | 18850 ||| Stepping ~*~*~tactically~*~*~ (stealth).
 18853 | D:15     | 18853 ||| Stepping ~*~*~tactically~*~*~ (stealth).
 18854 | D:15     | 18854 ||| Stepping ~*~*~tactically~*~*~ (stealth).
 18859 | D:15     | 18859 ||| Stepping ~*~*~tactically~*~*~ (stealth).
 18861 | D:15     | 18861 ||| Stepping ~*~*~tactically~*~*~ (stealth).
 18959 | D:15     | Identified the +9 falchion "Weozynen" {heavy, Str+3}
 19005 | D:15     | Reached skill level 9 in Shields
 19106 | D:15     | 19106 ||| Stepping ~*~*~tactically~*~*~ (stealth).
 19108 | D:15     | 19108 ||| Stepping ~*~*~tactically~*~*~ (hiding).
 19109 | D:15     | 19109 ||| INVOKING Heroism.
 19140 | D:15     | Identified the +5 dagger of an ice cave {pain, rF+}
 19164 | D:15     | 19164 ||| Stepping ~*~*~tactically~*~*~ (stealth).
 19166 | D:15     | 19166 ||| Stepping ~*~*~tactically~*~*~ (stealth).
 19168 | D:15     | 19168 ||| Stepping ~*~*~tactically~*~*~ (stealth).
 19258 | D:15     | 19258 ||| Stepping ~*~*~tactically~*~*~ (stealth).
 19260 | D:15     | 19260 ||| Stepping ~*~*~tactically~*~*~ (stealth).
 19262 | D:15     | 19262 ||| Stepping ~*~*~tactically~*~*~ (hiding).
 19266 | D:15     | 19266 ||| INVOKING Heroism.
 19278 | D:15     | Found a staircase to the Depths.
 19779 | D:15     | 19779 ||| PLANNING ORC
 19932 | Orc:1    | Entered Level 1 of the Orcish Mines
 19953 | Orc:1    | 19953 ||| INVOKING Heroism.
 20023 | Orc:2    | Entered Level 2 of the Orcish Mines
 20024 | Orc:2    | 20024 ||| Stepping ~*~*~tactically~*~*~ (stealth).
 20025 | Orc:2    | 20025 ||| Stepping ~*~*~tactically~*~*~ (stealth).
 20027 | Orc:2    | 20027 ||| Stepping ~*~*~tactically~*~*~ (stealth).
 20029 | Orc:2    | 20029 ||| Stepping ~*~*~tactically~*~*~ (stealth).
 20033 | Orc:2    | 20033 ||| INVOKING Heroism.
 20055 | Orc:2    | Noticed an orc warlord
 20075 | Orc:2    | Killed an orc warlord
 20078 | Orc:2    | HP: 12/96 [orc knight/+1 great sword (14)]
 20079 | Orc:2    | 20079 ||| READING 9 scrolls of teleportation.
 20080 | Orc:2    | 20080 ||| DRINKING 9 potions of heal wounds.
 20100 | Orc:2    | HP: 18/94 [chaos spawn[an orc sorcerer] (7)]
 20101 | Orc:2    | 20101 ||| READING 8 scrolls of teleportation.
 20102 | Orc:2    | 20102 ||| DRINKING 8 potions of heal wounds.
 20247 | Orc:2    | 20247 ||| FLEEEEING.
 20249 | Orc:2    | 20249 ||| STAIRDANCE
 20291 | Orc:2    | 20291 ||| Stepping ~*~*~tactically~*~*~ (stealth).
 20293 | Orc:2    | 20293 ||| Stepping ~*~*~tactically~*~*~ (hiding).
 20294 | Orc:2    | 20294 ||| Stepping ~*~*~tactically~*~*~ (hiding).
 20295 | Orc:2    | 20295 ||| Stepping ~*~*~tactically~*~*~ (hiding).
 20296 | Orc:2    | 20296 ||| Stepping ~*~*~tactically~*~*~ (hiding).
 20298 | Orc:2    | 20298 ||| Stepping ~*~*~tactically~*~*~ (hiding).
 20429 | Orc:2    | 20429 ||| INVOKING Heroism.
 20526 | Orc:2    | Found Beucytio's Antique Weapon Emporium.
 20530 | Orc:2    | 20530 ||| INVOKING Heroism.
 20546 | Orc:2    | Found Xahiatz's Antique Armour Emporium.
 20557 | Orc:2    | 20557 ||| BUYING ancient chain mail (323 gold).
 20557 | Orc:2    | Bought an ancient chain mail for 323 gold pieces
 20557 | Orc:2    | Identified the +7 chain mail of Azoa {+Blink Str+3} (You
                  | bought it in a shop on level 2 of the Orcish Mines)
 20557 | Orc:2    | 20557 ||| SHOPLISTING dazzling plate armour (952 gold, have
                  | 378).
 20557 | Orc:2    | 20557 ||| BUYING runed helmet (255 gold).
 20557 | Orc:2    | Bought a runed helmet for 255 gold pieces
 20557 | Orc:2    | 20557 ||| SHOPLISTING steaming plate armour (952 gold, have
                  | 123).
 20565 | Orc:2    | Found Emnomey's General Store.
 20607 | Orc:2    | 20607 ||| Stepping ~*~*~tactically~*~*~ (stealth).
 20609 | Orc:2    | 20609 ||| Stepping ~*~*~tactically~*~*~ (stealth).
 20611 | Orc:2    | 20611 ||| Stepping ~*~*~tactically~*~*~ (stealth).
 20613 | Orc:2    | 20613 ||| Stepping ~*~*~tactically~*~*~ (stealth).
 20615 | Orc:2    | 20615 ||| Stepping ~*~*~tactically~*~*~ (stealth).
 20617 | Orc:2    | 20617 ||| Stepping ~*~*~tactically~*~*~ (stealth).
 20619 | Orc:2    | 20619 ||| Stepping ~*~*~tactically~*~*~ (hiding).
 20620 | Orc:2    | 20620 ||| Stepping ~*~*~tactically~*~*~ (hiding).
 20621 | Orc:2    | 20621 ||| Stepping ~*~*~tactically~*~*~ (stealth).
 20622 | Orc:2    | 20622 ||| Stepping ~*~*~tactically~*~*~ (hiding).
 20623 | Orc:2    | 20623 ||| Stepping ~*~*~tactically~*~*~ (hiding).
 20624 | Orc:2    | 20624 ||| Stepping ~*~*~tactically~*~*~ (hiding).
 20648 | Orc:2    | 20648 ||| Stepping ~*~*~tactically~*~*~ (stealth).
 20652 | Orc:2    | Found a staircase to the Elven Halls.
 20657 | Orc:2    | 20657 ||| INVOKING Heroism.
 20693 | Orc:2    | 20693 ||| FLEEEEING.
 20694 | Orc:2    | 20694 ||| FLEEEEING.
 20695 | Orc:2    | 20695 ||| FLEEEEING.
 20696 | Orc:2    | 20696 ||| FLEEEEING.
 20697 | Orc:2    | 20697 ||| FLEEEEING.
 20698 | Orc:2    | 20698 ||| FLEEEEING.
 20699 | Orc:2    | 20699 ||| FLEEEEING.
 20700 | Orc:2    | 20700 ||| FLEEEEING.
 20701 | Orc:2    | 20701 ||| FLEEEEING.
 20702 | Orc:2    | 20702 ||| FLEEEEING.
 20703 | Orc:2    | 20703 ||| FLEEEEING.
 20704 | Orc:2    | 20704 ||| FLEEEEING.
 20705 | Orc:2    | 20705 ||| FLEEEEING.
 20706 | Orc:2    | 20706 ||| FLEEEEING.
 20707 | Orc:2    | 20707 ||| FLEEEEING.
 20708 | Orc:2    | 20708 ||| FLEEEEING.
 20709 | Orc:2    | 20709 ||| FLEEEEING.
 20710 | Orc:2    | 20710 ||| FLEEEEING.
 20711 | Orc:2    | 20711 ||| FLEEEEING.
 20712 | Orc:2    | 20712 ||| FLEEEEING.
 20713 | Orc:2    | 20713 ||| STAIRDANCE
 20747 | Orc:1    | 20747 ||| UPGRADING to +7 chain mail of Azoa {+Blink
                  | Str+3}.
 20757 | Orc:1    | 20757 ||| DROPPING +1 shadow dragon scales.
 20758 | Orc:1    | 20758 ||| DROPPING +1 chain mail of fire resistance.
 20777 | Orc:2    | 20777 ||| BUYING +0 tower shield (63 gold).
 20777 | Orc:2    | Bought a +0 tower shield for 63 gold pieces
 20777 | Orc:2    | 20777 ||| BUYING 2 potions of attraction (84 gold).
 20777 | Orc:2    | Bought 2 potions of attraction for 84 gold pieces
 20777 | Orc:2    | 20777 ||| SHOPLISTING 2 potions of heal wounds (140 gold,
                  | have 5).
 20777 | Orc:2    | 20777 ||| SHOPLISTING potion of magic (112 gold, have 5).
 20804 | Orc:2    | Identified the +1 kite shield of Squeaky Knowledge {rPois}
 20804 | Orc:2    | Noticed Donald
 20805 | Orc:2    | 20805 ||| INVOKING Heroism.
 20823 | Orc:2    | HP: 24/96 [Donald/+8 heavy scimitar (36)]
 20824 | Orc:2    | 20824 ||| READING 7 scrolls of teleportation.
 20825 | Orc:2    | 20825 ||| DRINKING 7 potions of heal wounds.
 20825 | Orc:2    | Slain by Donald

Levels and vault maps discovered:
D:1:      saegor_arrival_simple_b, layout_loops_cross
D:2:      layout_basic, ebering_ecumenical_altar_sacrificial, basic_altar,
          nrook_campfire, kennysheep_crisscross, amcnicky_mini_pool_small
D:3:      layout_basic, uniq_jessica, uniq_crazy_yiuf_cottage
D:4:      layout_basic, trog_butcher_becter, nicolae_elyvilon_peaceful_grove,
          mainiacjoe_overflow_24_doors, nicolae_wu_jian_wuxing_cycle,
          mainiacjoe_overflow_swirl, nicolae_ossuary_entry_monument,
          dreamdust_princess_bridge
D:5:      layout_basic, serial_shops, shop_statue, minmay_misc_feat_alley,
          serial_bayou_crossing, uniq_eustachio
D:6:      layout_rooms, chequers_serial_rivers_large_a
D:7:      layout_rooms, minmay_temple_entry_junction_2,
          hellmonk_ghost_happy_afterlife
D:8:      layout_loops_cross
D:9:      layout_rooms, david_orc_4, grunt_decor_arrowhead, uniq_maggie,
          uniq_erolcha
D:10:     layout_loops_cross, enter_bailey_3
D:11:     layout_loops_corners, david_lair_generic, kennysheep_generic_room_11
D:12:     layout_irregular_city, serial_shops, nicolae_shop_crystal,
          shop_statue, shop, nicolae_shop_tiny_statue_garden
D:13:     layout_basic, grunt_ministairs_15
D:14:     layout_basic, skrybe_vaults_entry_preservation, dk_noncrumbling_3,
          st_stairs_8, minivault_4
D:15:     grunt_enter_depths_hoard, layout_cave_pods, minmay_misc_feat_square,
          hangedman_decor_diamond_cutter, uniq_rupert
Lair:1:   layout_long_grid, serial_bayou_shore_a, serial_bayou_shore_b,
          grunt_megastairs_2, uniq_urug
Lair:2:   layout_hall_layers, elwin_shoals_entry_rooms,
          amcnicky_mini_pool_medium, uniq_nergalle
Lair:3:   nzn_winding_woodlands_medium [nzn_winding_woodlands_5x5_cross,
          nzn_winding_woodlands_5x15_pathside_ponds,
          nzn_winding_woodlands_5x5_default, nzn_winding_woodlands_5x5_three,
          nzn_winding_woodlands_center_diamonds,
          nzn_winding_woodlands_5x5_default,
          nzn_winding_woodlands_5x5_checkerboard,
          nzn_winding_woodlands_5x15_concentric,
          nzn_winding_woodlands_5x5_open_star], layout_loops_ring,
          spider_nest_entry_funnel_web, dreamdust_mushroom_princess,
          lemuel_old_faithful, infiniplex_staircase_pool
Lair:4:   layout_hall_layers, slime_entry_1, ebering_ghost_funeral_grove,
          chequers_serial_rivers_small_a, beast_lair_carwin_5
Lair:5:   minmay_lair_end_frog_pond, layout_loops_ring, grunt_megastairs_1,
          uniq_sonja
Orc:1:    layout_diamond_mine
Orc:2:    grunt_orc_cross, layout_caves, serial_shops,
          nicolae_shop_bloodbath_and_beyond, uniq_donald

Skill      XL: |  1  2  3  4  5  6  7  8  9 10 11 12 13 14 15 |
---------------+----------------------------------------------+-----
Axes           | 2 3 4 5 6 8 9 10 11 12 14 16 | 16.4
Invocations    | 1 3 4 8 10 | 10.0
Throwing       | 1 2 3 4 5 6 |  6.6
Fighting       | 4 6 7 8 9 10 11 12 | 12.2
Dodging        | 1 2 3 |  3.0
Armour         | 6 7 8 9 11 12 | 12.1
Shields        | 4 6 7 8 11 | 11.3

Action                     |  1- 3 |  4- 6 |  7- 9 | 10-12 | 13-15 || total
---------------------------+-------+-------+-------+-------+-------++-------
  Melee: War axe           |    55 |    90 |   255 |   445 |   277 ||  1122
         Broad axe         |       |       |       |       |   596 ||   596
  Throw: Boomerang         |    51 |    17 |    43 |    30 |    63 ||   204
         Javelin           |       |     9 |    56 |    85 |   167 ||   317
 Invoke: Heroism           |       |       |    11 |    20 |    22 ||    53
         Finesse           |       |       |       |       |     6 ||     6
    Use: Scroll            |     5 |     1 |    14 |     9 |     8 ||    37
         Potion            |       |     1 |     1 |     1 |     3 ||     6
   Stab: Sleeping          |       |       |       |     3 |     3 ||     6
         Distracted        |       |       |       |       |     1 ||     1
         Petrified         |       |       |       |       |     1 ||     1
 Armour: Scale mail        |     4 |       |       |       |       ||     4
         Chain mail        |    23 |    58 |   111 |       |       ||   192
         Shadow dragon sca |       |       |    92 |   272 |   355 ||   719
  Dodge: Dodged            |    16 |    24 |   127 |   142 |   235 ||   544
  Block: Buckler           |     9 |    22 |    54 |    98 |    76 ||   259
         Kite shield       |       |       |       |       |    73 ||    73

Table legend:
 A = Non-vault XP
 B = Vault XP
 C = Vault XP percentage of total XP
 D = Non-vault monster count
 E = Vault monster count
 F = Vault count percentage of total count
                 A         B        C        D         E       F
            +---------+---------+-------+---------+---------+-------
      Total |   77651 |   44232 |  36.3 |     418 |     187 |  30.9
            +---------+---------+-------+---------+---------+-------
        D:1 |      13 |       0 |   0.0 |       8 |       0 |   0.0
        D:2 |      44 |       0 |   0.0 |      17 |       0 |   0.0
        D:3 |     141 |      37 |  20.8 |      19 |       1 |   5.0
        D:4 |     252 |       6 |   2.3 |      18 |       4 |  18.2
        D:5 |     478 |     197 |  29.2 |      13 |       1 |   7.1
        D:6 |     714 |       0 |   0.0 |      18 |       0 |   0.0
        D:7 |    1355 |       0 |   0.0 |      24 |       0 |   0.0
        D:8 |    1222 |       0 |   0.0 |      18 |       0 |   0.0
        D:9 |    2113 |    1966 |  48.2 |      22 |      20 |  47.6
       D:10 |     783 |       8 |   1.0 |      10 |       4 |  28.6
       D:11 |    3043 |     725 |  19.2 |      14 |       4 |  22.2
       D:12 |    3057 |       0 |   0.0 |      21 |       0 |   0.0
       D:13 |    6287 |    1473 |  19.0 |      17 |       2 |  10.5
       D:14 |    7451 |    5788 |  43.7 |      18 |      10 |  35.7
       D:15 |    4786 |    3638 |  43.2 |      12 |       3 |  20.0
     Lair:1 |    5470 |    1564 |  22.2 |      30 |       3 |   9.1
     Lair:2 |    6981 |    1755 |  20.1 |      23 |       6 |  20.7
     Lair:3 |    9497 |    7119 |  42.8 |      26 |      21 |  44.7
     Lair:4 |    8337 |    1256 |  13.1 |      20 |       6 |  23.1
     Lair:5 |   11556 |   11134 |  49.1 |      36 |      38 |  51.4
      Orc:1 |     714 |       0 |   0.0 |       2 |       0 |   0.0
      Orc:2 |    3357 |    6722 |  66.7 |      32 |      33 |  50.8
    Ossuary |       0 |     844 | 100.0 |       0 |      31 | 100.0
            +---------+---------+-------+---------+---------+-------
